AoeStats
← leonor22

African Clearing

510341010Analyzed
4v4 RM · 1d ago on Sep 30, 2026· 24m 18s· 8 players
Game mode
Random Map
Map size
Large (8 player)
Population
200
Speed
Normal
Resources
Standard
Victory
Conquest
Starting age
Dark Age
Ending age
Imperial Age
RankedLock teamsTeams togetherTeam positionsShared explorationLock speedFull tech treeHidden civsTurbo modeCheats
Victory
Defeat
🇦🇷 Mongols · Argentina
1076
+16
🇻🇪 Huns · Venezuela
1045
+17
🇺🇦 Huns · Ukraine
1030
+18
🇧🇷 Varangians · Brazil
1023
+18
🇨🇴 Georgians · Colombia
1124
-20
🇨🇴 Mongols · Colombia
1110
-19
🇨🇴 Vietnamese · Colombia
1041
-16
🇨🇴 Celts · Colombia
993
-14
the King
5:53 Loom
14:17 Feudal Age
14:35 Man-at-Arms
23:01 Fletching
23:11 Padded Archer Armor
KabaH4iK
16:20 Feudal Age
21:16 Castle Age
19:26 Horse Collar
20:16 Gold Mining
21:36 Loom
21:57 Fletching
23:01 Bodkin Arrow
24:34 Forging
que onda logi
10:30 Loom
12:41 Feudal Age
13:42 Double-Bit Axe
25:13 Castle Age
marcosprojj
9:47 Loom
14:43 Feudal Age
19:03 Castle Age
leonor22
8:17 Loom
15:24 Feudal Age
Lord_Mank
3:45 Loom
16:55 Feudal Age
Ctrl Gio
5:47 Loom
12:18 Feudal Age
13:24 Double-Bit Axe
16:53 Forging
19:57 Scale Barding Armor
20:09 Town Watch
24:56 Castle Age
AndGio1
5:32 Loom
12:05 Feudal Age
16:31 Castle Age
14:51 Fletching
15:01 Padded Archer Armor
20:10 Bodkin Arrow
Connection lost

Rejoining the realm…

Still unreachable

The connection could not be restored.

Session expired

The server has moved on; the page needs a fresh start.